 Dungeon Crawl Stone Soup version 0.30.1-11-g7821555f0a (webtiles) character file.

Game seed: 12534894577059153466

40460 SacredBeard the Warrior (level 13, 0/115 HPs)
             Began as a Demonspawn Necromancer on Dec 6, 2023.
             Killed from afar by an ironbound frostheart (21 damage)
             ... by creeping frost
             ... in an ice cave on Dec 7, 2023.
             The game lasted 01:01:42 (21829 turns).

SacredBeard the Warrior (Demonspawn Necromancer)   Turns: 21829, Time: 01:01:43

Health: 0/115      AC: 10    Str:  8    XL:     13   Next: 74%
Magic:  16/16      EV: 17    Int: 21    God:
Gold:   1033       SH: 19    Dex: 18    Spells: 15/16 levels left

rFire   + . .        X - +7 dagger of Gallantry {pain, Will+ Int+3 Stlth+}
rCold   + . .        L - +0 kite shield
rNeg    . . .        l - +2 robe {rC+}
rPois   +            (no helmet)
rElec   +            (cloak unavailable)
rCorr   .            o - +1 pair of gloves of the Were-rabbit {rElec rPois rF+ Stlth+}
SInv    .            A - +0 pair of boots
Will    +....        d - amulet of reflection
Stlth   ++++         (no ring)
HPRegen 0.39/turn    S - +5 ring of evasion
MPRegen 0.15/turn

%: reflection
@: frozen, very slow
A: molten scales 2, spiny 2, condensation shield, weakness stinger 3
a: no special abilities


You were in an ice cave.
You visited 3 branches of the dungeon, and saw 18 of its levels.
You also visited: Ice Cave.

You collected 1033 gold pieces.

Inventory:

Hand Weapons
 X - the +7 dagger of Gallantry (weapon) {pain, Will+ Int+3 Stlth+}
   (You found it on level 9 of the Dungeon)

   Int:       It affects your intelligence (+3).
   Will:      It increases your willpower.
   Stlth:     It makes you more stealthy.
Missiles
 c - 158 stones
 s - 47 poisoned darts
 x - 2 silver boomerangs
 y - 3 silver javelins
 F - a boomerang
 G - 13 atropa-tipped darts
 K - a throwing net
 N - a curare-tipped dart
Armour
 h - a +0 scale mail of cold resistance
 i - a +1 leather armour of cold resistance
 l - a +2 robe of cold resistance (worn)
 o - the +1 pair of gloves of the Were-rabbit (worn) {rElec rPois rF+ Stlth+}
   (You found it on level 2 of the Dungeon)

   rF:        It protects you from fire.
   rElec:     It insulates you from electricity.
   rPois:     It protects you from poison.
   Stlth:     It makes you more stealthy.
 A - a +0 pair of boots (worn)
 L - a +0 kite shield (worn)
Jewellery
 d - an amulet of reflection (around neck)
 B - a ring of protection from cold
 S - a +5 ring of evasion (right hand)
Wands
 j - a wand of roots (2)
 r - a wand of paralysis (2)
 D - a wand of polymorph (7)
 M - a wand of light (5)
 U - a wand of flame (14)
Scrolls
 e - 3 scrolls of fear {unknown}
 g - 3 scrolls of silence {unknown}
 q - 8 scrolls of teleportation
 t - 5 scrolls of enchant weapon
 u - a scroll of fog {unknown}
 v - 2 scrolls of amnesia {unknown}
 z - a scroll of acquirement {unknown}
 C - 2 scrolls of torment {unknown}
 E - 2 scrolls of magic mapping {unknown}
 H - a scroll of brand weapon {unknown}
 J - 6 scrolls of enchant armour
 P - 2 scrolls of vulnerability {unknown}
 R - a scroll of blinking {unknown}
 W - 2 scrolls of immolation {unknown}
Potions
 a - 2 potions of haste
 b - 2 potions of magic
 k - 6 potions of curing
 m - 3 potions of might
 n - 5 potions of lignification
 p - 3 potions of cancellation
 w - 2 potions of heal wounds
 I - 6 potions of flight
 O - a potion of invisibility
 V - a potion of berserk rage
Miscellaneous
 f - a phantom mirror
 Q - a lightning rod (4/4)


   Skills:
 - Level 15.0 Fighting
 * Level 11.2 Long Blades
 - Level 5.0 Throwing
 - Level 5.0 Armour
 - Level 5.0 Dodging
 - Level 3.0 Stealth
 - Level 5.0 Shields
 - Level 2.0 Spellcasting
 - Level 7.0 Necromancy
 + Level 7.9 Evocations


You had 15 spell levels left.
You knew the following spells:

 Your Spells              Type           Power      Damage    Failure   Level
a - Necrotise             Necr           100%       1d9       4%          1

Your spell library contained the following spells:

 Spells                   Type           Power      Damage    Failure   Level
 Sublimation of Blood     Necr           31%        N/A       6%          2
 Vampiric Draining        Necr           31%        2d8       12%         3
 Animate Dead             Necr           31%        N/A       38%         4
 Sandblast                Erth           4%         2d4       58%         1
 Blink                    Tloc           4%         N/A       73%         2
 Ensorcelled Hibernation  Hex/Ice        4%         N/A       73%         2
 Lesser Beckoning         Tloc           4%         N/A       73%         2
 Momentum Strike          Conj/Tloc      4%         3d8       73%         2
 Passwall                 Tmut/Erth      1%         N/A       73%         2
 Poisonous Vapours        Pois/Air       4%         N/A       73%         2
 Wereblood                Tmut           2%         N/A       73%         2
 Agony                    Necr           31%        N/A       75%         5
 Anguish                  Hex/Necr       8%         N/A       86%         4
 Mephitic Cloud           Conj/Pois/Air  2%         N/A       91%         3
 Spider Form              Tmut/Pois      2%         N/A       91%         3
 Stone Arrow              Conj/Erth      4%         3d7       91%         3
 Tukima's Dance           Hex            2%         N/A       91%         3
 Cause Fear               Hex            1%         N/A       100%        4
 Passage of Golubria      Tloc           2%         N/A       100%        4
 Petrify                  Tmut/Erth      2%         N/A       100%        4
 Freezing Cloud           Conj/Ice/Air   1%         6-21      100%        5
 Irradiate                Conj/Tmut      1%         3d12      100%        5
 Yara's Violent Unravell  Hex/Tmut       1%         3d3       100%        5
 Enfeeble                 Hex            1%         N/A       100%        7
 Summon Hydra             Summ           1%         N/A       100%        7


Dungeon Overview and Level Annotations

Branches:
Dungeon (13/15) Zot: 26886  Temple (1/1) D:7 Zot: 5803    Lair (4/5) D:9 Zot: 18904
  Swamp (0/4) Lair:3        Snake (0/4) Lair:2          Orc (0/2) D:12
 Vaults (0/5) D:13          IceCv (1/1) Zot: 4368
  Slime: Lair:4-5

Altars:
Ashenzari
Cheibriados
Dithmenos
Fedhas
Gozag
Hepliaklqana
Kikubaaqudgha
Makhleb
Nemelex Xobeh
Okawaru
Qazlal
Ru
Sif Muna
Trog
Uskayaw
Vehumet
Wu Jian
Xom
Yredelemnul

Shops:
D:3 *   D:6 :

Annotations:
D:9 Erica
D:12 Sonja
D:13 Nessos, Rupert, Urug
Lair:2 2 runed translucent doors, exclusion: 2 doors, kalagan's ghost, journeyman DECj
Lair:3 2 transporters, 3 runed translucent doors, exclusion: hydra, Martska's ghost, journeyman OgGl
Lair:4 1 runed translucent door


Innate Abilities, Weirdness & Mutations

You are mostly covered in molten scales. (AC +3)
You are mostly covered in sharp spines.
A meltable shield of frost defends you. (SH +4)
You have a sharp stinger which inflicts weakening toxins.


Message History

You feel much better. The ice encasing you melts away.
The ironbound frostheart barely misses you.
You hit the ironbound frostheart.
The ironbound frostheart writhes in agony.
Your tail-slap misses the ironbound frostheart.
The ironbound frostheart is moderately wounded.
The ironbound frostheart touches you.
* * * LOW HITPOINT WARNING * * *
The ironbound frostheart freezes you! You resist.
* * * LOW HITPOINT WARNING * * *
You feel much better.
You block the ironbound frostheart's attack.
You hit the ironbound frostheart.
The ironbound frostheart writhes in agony!
You tail-slap the ironbound frostheart.
The ironbound frostheart looks weaker.
The ironbound frostheart is heavily wounded.
You block the ironbound frostheart's attack.
You completely miss the ironbound frostheart.
The ironbound frostheart is heavily wounded.
You block the ironbound frostheart's attack.
You hit the ironbound frostheart but do no damage.
The ironbound frostheart writhes in agony.
You tail-slap the ironbound frostheart, but do no damage.
The ironbound frostheart is severely wounded.
The ironbound frostheart is struck by your spines.
The ironbound frostheart touches you. The ironbound frostheart freezes you.
You resist.
* * * LOW HITPOINT WARNING * * *
You hit the ironbound frostheart but do no damage.
The ironbound frostheart is severely wounded.
The ironbound frostheart calls freezing cold from the walls.
The frost grips you! You resist.
* * * LOW HITPOINT WARNING * * *
You are encased in ice.
You hit the ironbound frostheart.
The ironbound frostheart is almost dead.
The ironbound frostheart calls freezing cold from the walls.
The frost grips you!! You resist.
You die...

##..###.⌠.# #.###
#...# #.## #...#
### #..# #..##
##.#
##.###########..#
#...####.##....#
##..##.#..#..#.#
#.#.#..#...#.##
####...##.###@#
#.########p#
###≈≈≈###~##
##≈≈≈≈≈#~~#
#≈≈≈≈≈≈~~##
#≈≈≈≈≈≈~~##
#≈≈≈≈≈≈≈#.#
##≈≈≈≈≈≈#.##
###≈≈≈≈≈≈##.#


You could see an ironbound frostheart (weak).

Vanquished Creatures
  2 hydras
  An ironbound frostheart (IceCv)
  A boulder beetle (Lair:3)
  5 two-headed ogres
  5 death yaks (IceCv)
  A skyshark (Lair:2)
  2 lindwurms
  A manticore (D:12)
  3 black mambas
  5 cane toads
  An ice statue (IceCv)
  An unseen horror (D:12)
  3 rime drakes
  3 gargoyles
  3 komodo dragons
  7 polar bears (IceCv)
  14 blink frogs
  6 dream sheep (Lair:2)
  2 hornets
  3 wraiths
  7 wyverns
  A steam dragon (D:9)
  57 yaks
  3 basilisks
  2 vampire mosquitoes (Lair:3)
  3 nagas (Lair:2)
  8 water moccasins
  An acid dragon (D:11)
  7 orc warriors
  3 sky beasts
  6 black bears
  2 ogres (D:5)
  16 wolves
  7 centaurs
  2 kobold brigands
  A phantom (D:6)
  14 bullfrogs
  A gnoll sergeant (D:8)
  A scorpion (D:5)
  4 howler monkeys
  2 hounds
  A gnoll bouda (D:9)
  4 orc priests
  3 sleepcaps
  5 jellies
  Jessica (D:3)
  Natasha (twice) (D:3)
  An iguana (D:4)
  8 orc wizards
  15 adders
  12 gnolls
  A shadow imp (D:6)
  13 white imps
  An ufetubus (D:5)
  A worm (D:2)
  A dart slug (D:1)
  28 orcs
  5 bats (D:1)
  4 endoplasms
  4 giant cockroaches
  3 goblins
  6 hobgoblins
  3 quokkas
  7 ball pythons
  A frilled lizard (D:1)
  36 kobolds
  4 rats
387 creatures vanquished.

Vanquished Creatures (collateral kills)
  2 komodo dragons (Lair:2)
  A blink frog (Lair:2)
  5 yaks
  2 acid dragons
  A scorpion (D:4)
  A howler monkey (D:11)
  An orc priest (D:10)
  3 gnolls
  4 orcs
  A kobold (D:4)
21 creatures vanquished.

Vanquished Creatures (others)
  A kobold brigand (D:9)
1 creature vanquished.

Grand Total: 409 creatures vanquished

Notes
Turn   | Place    | Note
-------+----------+-------------------------------------------
     0 | D:1      | SacredBeard the Demonspawn Necromancer began the quest for
                  | the Orb.
     0 | D:1      | Reached XP level 1. HP: 13/13 MP: 3/3
   156 | D:1      | Gained mutation: A meltable shield of frost defends you.
                  | (SH +4) [demonic ancestry]
   156 | D:1      | Reached XP level 2. HP: 19/19 MP: 0/5
   326 | D:1      | Found a faded altar of an unknown god.
   507 | D:1      | Reached skill level 5 in Necromancy
  1207 | D:2      | Gained mutation: You are partially covered in sharp spines.
                  | [demonic ancestry]
  1207 | D:2      | Reached XP level 3. HP: 24/24 MP: 3/6
  1235 | D:2      | You fall into a shaft and drop 1 floor!
  1243 | D:3      | Noticed Jessica
  1248 | D:3      | Killed Jessica
  1566 | D:2      | Gained mutation: You are partially covered in molten
                  | scales. (AC +2) [demonic ancestry]
  1566 | D:2      | Reached XP level 4. HP: 30/30 MP: 4/7
  1634 | D:2      | Identified the +1 pair of gloves of the Were-rabbit {rElec
                  | rPois rF+ Stlth+}
  1882 | D:2      | Reached XP level 5. HP: 35/35 MP: 8/8
  1888 | D:2      | Reached skill level 1 in Fighting
  2305 | D:3      | Found Vidu's Assorted Antiques.
  2321 | D:3      | Reached skill level 2 in Fighting
  2688 | D:3      | Noticed Natasha
  2692 | D:3      | Killed Natasha
  2949 | D:3      | Noticed Natasha
  2964 | D:3      | Killed Natasha
  2965 | D:3      | Reached skill level 3 in Fighting
  2965 | D:3      | Gained mutation: You have a small tail. [demonic ancestry]
  2965 | D:3      | Reached XP level 6. HP: 15/47 MP: 9/9
  3796 | D:4      | Reached skill level 4 in Fighting
  4373 | D:5      | Entered Level 5 of the Dungeon
  4377 | D:5      | Reached skill level 5 in Fighting
  4404 | D:5      | Gained mutation: You are mostly covered in molten scales.
                  | (AC +3) [demonic ancestry]
  4404 | D:5      | Reached XP level 7. HP: 56/56 MP: 10/10
  4690 | D:5      | Reached skill level 6 in Fighting
  4890 | D:5      | Found a shadowy altar of Dithmenos.
  4921 | D:5      | Reached skill level 7 in Fighting
  5808 | D:6      | Gained mutation: You are mostly covered in sharp spines.
                  | [demonic ancestry]
  5808 | D:6      | Reached XP level 8. HP: 67/67 MP: 11/11
  5884 | D:6      | Reached skill level 8 in Fighting
  6336 | D:6      | Reached skill level 9 in Fighting
  6365 | D:6      | Found Jechybof's Self-Improvement Boutique.
  6445 | D:6      | Reached skill level 1 in Evocations
  6733 | D:7      | Reached skill level 1 in Throwing
  6733 | D:7      | Reached skill level 1 in Armour
  6875 | D:7      | Found a staircase to the Ecumenical Temple.
  7051 | D:7      | Noticed a two-headed ogre
  7058 | D:7      | Noticed a gargoyle
  7368 | D:8      | Reached XP level 9. HP: 76/76 MP: 12/12
  7758 | D:8      | Reached skill level 1 in Shields
  8593 | D:9      | Reached skill level 5 in Evocations
  8831 | D:9      | Noticed a two-headed ogre
  8859 | D:9      | Killed a two-headed ogre
  8860 | D:9      | Reached skill level 5 in Throwing
  8860 | D:9      | Reached skill level 1 in Long Blades
  8860 | D:9      | Reached XP level 10. HP: 82/83 MP: 13/13
  9157 | D:9      | Reached skill level 10 in Fighting
  9889 | D:9      | Noticed Erica
  9983 | D:9      | Identified the +7 dagger of Gallantry {pain, Will+ Int+3
                  | Stlth+}
 10077 | D:9      | Found a staircase to the Lair.
 10445 | D:7      | Found the +6 shillelagh "Devastator" {shatter}
 10456 | D:7      | Killed a two-headed ogre
 10457 | D:7      | Reached skill level 11 in Fighting
 10460 | D:7      | Noticed a two-headed ogre
 10476 | D:7      | Killed a two-headed ogre
 10762 | Temple   | Entered the Ecumenical Temple
 11069 | D:10     | Entered Level 10 of the Dungeon
 11160 | D:10     | Noticed a two-headed ogre
 11176 | D:10     | Killed a two-headed ogre
 11628 | D:10     | Reached skill level 5 in Long Blades
 11628 | D:10     | Gained mutation: You have a tail ending in a sharp stinger.
                  | [demonic ancestry]
 11628 | D:10     | Reached XP level 11. HP: 95/95 MP: 14/14
 11792 | D:10     | Found a hide-covered altar of Uskayaw.
 11816 | D:10     | Reached skill level 12 in Fighting
 12780 | D:11     | Paralysed by a hornet for 3 turns
 12960 | D:11     | Reached skill level 13 in Fighting
 13141 | D:11     | Noticed a two-headed ogre
 13159 | D:11     | Killed a two-headed ogre
 14175 | D:12     | Found a staircase to the Orcish Mines.
 14381 | D:12     | Noticed Sonja
 15007 | D:13     | Noticed Rupert
 15007 | D:13     | Noticed Urug
 15007 | D:13     | Noticed Nessos
 15007 | D:13     | Noticed a centaur warrior
 15007 | D:13     | Found a gate to the Vaults.
 15119 | Lair:1   | Entered Level 1 of the Lair of Beasts
 15444 | Lair:1   | Reached skill level 14 in Fighting
 16246 | Lair:2   | Found a large runed translucent door.
 16246 | Lair:2   | Found a large runed translucent door.
 16251 | Lair:2   | Noticed kalagan's ghost (journeyman DECj)
 16277 | Lair:2   | Reached XP level 12. HP: 107/107 MP: 15/15
 16306 | Lair:2   | Noticed a death yak
 16306 | Lair:2   | Noticed a four-headed hydra
 16515 | Lair:2   | Noticed a boulder beetle
 17038 | Lair:2   | Reached skill level 15 in Fighting
 17247 | Lair:2   | Found a staircase to the Snake Pit.
 18302 | Lair:3   | Noticed a four-headed hydra
 18308 | Lair:3   | Noticed a boulder beetle
 18343 | Lair:3   | Killed a boulder beetle
 18498 | Lair:3   | Killed a four-headed hydra
 18585 | Lair:3   | Gained mutation: You have a sharp stinger which inflicts
                  | weakening toxins. [demonic ancestry]
 18585 | Lair:3   | Reached XP level 13. HP: 115/115 MP: 16/16
 18722 | Lair:3   | Found a transporter.
 18806 | Lair:3   | Found a staircase to the Swamp.
 18844 | Lair:3   | Noticed Martska's ghost (journeyman OgGl)
 18845 | Lair:3   | Noticed a minotaur
 18912 | Lair:3   | Found a runed translucent gate.
 18912 | Lair:3   | Found a runed translucent gate.
 18912 | Lair:3   | Found a runed translucent gate.
 18975 | Lair:3   | Reached skill level 10 in Long Blades
 19073 | Lair:3   | Found a transporter.
 19961 | Lair:4   | Found a runed translucent gate.
 20185 | Lair:4   | Found a frozen archway.
 20203 | IceCv    | Entered an ice cave
 21762 | IceCv    | Reached skill level 5 in Dodging
 21762 | IceCv    | Reached skill level 5 in Shields
 21814 | IceCv    | Reached skill level 5 in Armour
 21821 | IceCv    | HP: 2/115 [ironbound frostheart (14)]
 21829 | IceCv    | Killed from afar by an ironbound frostheart

Illustrated notes

Levels and vault maps discovered:
D:1:      saegor_arrival_simple_c, layout_basic,
          hellmonk_ecumenical_altar_crossroads
D:2:      layout_basic
D:3:      layout_loops_corners, serial_shops, shop, nrook_mini_backslash,
          uniq_natasha, uniq_jessica
D:4:      layout_basic, serial_glass, glass_columns_a, glass_columns_b,
          glass_columns_c, glass_columns_c, glass_columns_a, glass_columns_a,
          glass_columns_a, glass_columns_c, glass_columns_b, glass_columns_b,
          glass_columns_b, glass_columns_b, glass_columns_a, glass_columns_b
D:5:      nicolae_BIG_FREAKIN_CUBE, layout_layer_cave,
          nicolae_dithmenos_shadow_blocks
D:6:      layout_basic, nicolae_shop_self_help
D:7:      layout_basic, minmay_temple_entry_statues_fountains,
          wad_woods_river_04, dilly_guarded_unrand_devastator
D:8:      kennysheep_kobold_camp, layout_basic
D:9:      layout_irregular_city, due_lair_maze_entry_diamond, uniq_erica
D:10:     layout_stronghold, nicolae_uskayaw_dance_hall
D:11:     layout_long_grid
D:12:     layout_roguey, orc_0_dummy, uniq_sonja
D:13:     layout_irregular_city, david_vaults_3, dreamdust_looks_like_rain
Temple:   nicolae_temple_slightly_damp_pantheon
Lair:1:   wander_river, layout_regular_city
Lair:2:   layout_regular_city, minmay_snake_entry_guardpost_small,
          ebering_ghost_disaster_area, minmay_shattered_shrine, uniq_urug
Lair:3:   gammafunk_cloud_chamber, layout_regular_city,
          minmay_swamp_entry_swarm, maelrawn_ghost_gauntlet_escape
Lair:4:   nzn_winding_woodlands_large [nzn_winding_woodlands_5x5_checkerboard,
          nzn_winding_woodlands_5x15_default,
          nzn_winding_woodlands_5x5_perimeter,
          nzn_winding_woodlands_center_pierced_h,
          nzn_winding_woodlands_15x15_killbox,
          nzn_winding_woodlands_center_diamonds,
          nzn_winding_woodlands_5x5_open_star, nzn_winding_woodlands_5x15_cabin,
          nzn_winding_woodlands_hourglass], layout_big_grid,
          gammafunk_ghost_cemetery, portal_ice_cave_entry_imps,
          serial_bayou_shore_b
IceCv:    ice_cave_caverns_02

Skill      XL: |  1  2  3  4  5  6  7  8  9 10 11 12 13 |
---------------+----------------------------------------+-----
Dodging        | 2 3 5 |  5.0
Stealth        | 2 3 |  3.0
Necromancy     | 5 6 7 |  7.0
Fighting       | 3 5 7 9 11 14 15 | 15.0
Evocations     | 3 6 7 |  7.9
Throwing       | 2 5 |  5.0
Armour         | 2 3 5 |  5.0
Shields        | 2 3 5 |  5.0
Long Blades    | 1 5 7 9 11 | 11.2
Spellcasting   | |  2.0

Action                     |  1- 3 |  4- 6 |  7- 9 | 10-12 | 13-15 || total
---------------------------+-------+-------+-------+-------+-------++-------
  Melee: Hand axe          |    27 |       |       |       |       ||    27
         Unarmed           |       |     9 |       |       |       ||     9
         Dagger            |       |     1 |    11 |   257 |   440 ||   709
         Tailslap          |       |       |     1 |    64 |   112 ||   177
         Short sword       |       |       |       |    40 |       ||    40
  Throw: Stone             |     1 |       |     1 |    27 |     7 ||    36
   Cast: Necrotise         |    59 |   109 |   281 |   557 |    76 ||  1082
  Evoke: Wand              |       |       |       |     2 |     1 ||     3
    Use: Scroll            |       |       |       |    12 |     2 ||    14
         Potion            |       |       |       |     1 |     3 ||     4
   Stab: Distracted        |       |       |       |     3 |     1 ||     4
         Sleeping          |       |       |       |       |     1 ||     1
 Armour: Robe              |    20 |     6 |    40 |    88 |    66 ||   220
  Dodge: Dodged            |    40 |    16 |    42 |   159 |   157 ||   414
  Block: Other             |       |    15 |    23 |       |       ||    38
         Reflection        |       |       |     8 |    29 |    10 ||    47
         Kite shield       |       |       |    87 |   495 |   422 ||  1004
